 Dungeon Crawl Stone Soup version 0.23.0 (webtiles) character file.

Game seed: 11163087380408653615

25806 inmateoo the Severer (level 12, -2/109 (110) HPs)
             Began as a Minotaur Fighter on Feb 12, 2019.
             Was the Champion of Okawaru.
             Slain by an orc warrior
             ... wielding a +0 glaive
              (18 damage)
             ... on level 14 of the Dungeon.
             The game lasted 00:17:53 (11661 turns).

inmateoo the Severer (Minotaur Fighter)            Turns: 11661, Time: 00:17:53

HP:   -2/109 (110)  AC: 24    Str: 25    XL:     12   Next: 92%
MP:   11/11         EV: 12    Int:  5    God:    Okawaru [******]
Gold: 527           SH: 19    Dex: 11    Spells: 11/11 levels left

rFire    + . .     SeeInvis .   z - +5 war axe
rCold    . . .     Gourm    .   C - +3 shield
rNeg     . . .     Faith    .   q - +8 chain mail of Hospitality {MR+}
rPois    .         Spirit   .   W - +1 hat of the Desert {+Blink rF+ rCorr}
rElec    .         Reflect  +   I - +0 cloak
rCorr    +         Harm     .   (no gloves)
MR       +....                  g - +0 pair of boots
Stlth    ..........             l - +3 amulet of reflection
HPRegen  0.28/turn              w - ring of resist corrosion
MPRegen  0.12/turn              (no ring)

@: studying Polearms
A: retaliatory headbutt, horns 2
a: Heroism, Finesse, Renounce Religion, Evoke Blink


You were on level 14 of the Dungeon.
You worshipped Okawaru.
Okawaru was exalted by your worship.
You were not hungry.

You visited 2 branches of the dungeon, and saw 15 of its levels.
You also visited: Sewer, Ossuary and Gauntlet.

You collected 971 gold pieces.
You spent 444 gold pieces at shops.

Inventory:

Hand Weapons
 a - a cursed -2 broad axe
 p - a +2 flail of holy wrath
 z - a +5 war axe (weapon)
Armour
 g - a +0 pair of boots (worn)
 q - the +8 chain mail of Hospitality (worn) {MR+}
   (You took it off an orc warrior on level 6 of the Dungeon)

   It affects your resistance to hostile enchantments.
 C - a +3 shield (worn)
 I - a +0 cloak (worn)
 W - the +1 hat of the Desert (worn) {+Blink rF+ rCorr}
   (Okawaru gifted it to you on level 12 of the Dungeon)

   It protects you from fire.
   It lets you blink.
   It provides partial protection from all sources of acid and corrosion.
Jewellery
 l - a +3 amulet of reflection (around neck)
 m - an uncursed ring of fire
 w - a ring of resist corrosion (left hand)
 G - the cursed ring "Jihuh" {*Contam MR+ Int+2 Dex-6}
   (You took it off a gnoll on level 5 of the Dungeon)

   [ring of dexterity]

   It affects your intelligence (+2).
   It affects your dexterity (-6).
   It affects your resistance to hostile enchantments.
   It causes magical contamination when unequipped.
   It has a curse placed upon it.
 K - an uncursed ring of ice
 M - an uncursed ring of magical power {unknown}
Wands
 d - a wand of iceblast (27)
 r - a wand of acid (9)
 y - a wand of paralysis (30)
 B - a wand of enslavement (18)
 E - a wand of random effects (23)
 L - a wand of digging (11)
 Q - a wand of disintegration (12)
Scrolls
 h - 4 scrolls of blinking
 i - 14 scrolls of identify
 j - 5 scrolls of remove curse
 k - 6 scrolls of teleportation
 n - 3 scrolls of enchant weapon
 t - 3 scrolls of amnesia
 u - 2 scrolls of magic mapping
 v - 3 scrolls of fear
 J - 4 scrolls of fog
 S - a scroll of brand weapon {unknown}
Potions
 b - 2 potions of invisibility
 c - 3 potions of might
 e - 6 potions of curing
 o - a potion of lignification
 s - 2 potions of haste
 x - 3 potions of brilliance
 A - a potion of resistance
 D - 4 potions of heal wounds
 F - 4 potions of cancellation
 N - 2 potions of agility
 O - 2 potions of flight
 P - a potion of magic {unknown}
 R - a potion of ambrosia {unknown}
 T - a potion of mutation
Books
 H - a manual of Polearms
Miscellaneous
 U - a sack of spiders
 V - a box of beasts
Comestibles
 f - 18 rations


   Skills:
 + Level 11.4 Fighting
 * Level 15.2 Axes
 + Level 11.5 Armour
 + Level 8.4 Dodging
 + Level 11.5 Shields


You had 11 spell levels left.
You didn't know any spells.
Your spell library contained the following spells:

 Spells                   Type           Power        Failure   Level  Hunger
 Confusing Touch          Hex            #.....       98%         1    ##.....
 Confuse                  Hex            #.......     100%        3    ####...
 Gell's Gravitas          Tloc           #.........   100%        3    ####...
 Recall                   Summ/Tloc      N/A          100%        3    ####...
 Animate Dead             Necr           N/A          100%        4    #####..
 Petrify                  Tmut/Erth      #.......     100%        4    #####..
 Borgnjor's Vile Clutch   Necr/Erth      #.........   100%        5    ######.
 Metabolic Englaciation   Hex/Ice        #.........   100%        5    ######.
 Yara's Violent Unravell  Hex/Tmut       #.........   100%        5    ######.
 Death Channel            Necr           #.........   100%        6    #######
 Simulacrum               Ice/Necr       #.........   100%        6    #######


Dungeon Overview and Level Annotations

Branches:
Dungeon (14/15)            Temple (1/1) D:4            Lair (0/6) D:11
    Orc (0/2) D:11
 Vaults: D:13-14

Altars:
Ashenzari
Cheibriados
Dithmenos
Elyvilon
Fedhas
Gozag
Hepliaklqana
Kikubaaqudgha
Makhleb
Nemelex Xobeh
Okawaru
Qazlal
Ru
Sif Muna
Trog
Uskayaw
Vehumet
Wu Jian
Xom
Yredelemnul
Zin
The Shining One
Beogh

Shops:
D:5 *   D:8 =((?   D:13 %

Annotations:
D:12 3 runed translucent doors, Folque's ghost, journeyman DrEE


Innate Abilities, Weirdness & Mutations

You reflexively headbutt those who attack you in melee.
You have a pair of horns on your head.


Message History

The orc warrior hits you with a +0 short sword!
You block the orc warrior's attack. x2; The orc warrior misses you.
You block the orc warrior's attack.
You slash the orc knight! You headbutt the orc knight.
The orc knight is severely wounded.
You slash the orc warrior! You barely miss the orc warrior.
You block the orc knight's attack.
The orc warrior hits you with a +0 hand axe!
The orc warrior hits you with a +0 short sword.
The orc priest begins to cast a cantrip, but forgets the words!
The orc priest looks braver for a moment.
You closely miss the orc knight. Your headbutt misses the orc knight.
The orc knight is severely wounded.
You slash the orc warrior! You completely miss the orc warrior.
You block the orc warrior's attack.
The orc warrior hits you from afar with a +0 glaive!!
* * * LOW HITPOINT WARNING * * *
You block the orc warrior's attack.
The orc warrior hits you from afar with a +0 glaive!!
You die...

.....(...#............
.......###............
.......# #####'######
<......# #..# .......#
##.# ###.#### #.##
....# #..# ##### ##.#
#@#


#ooooooo.# #ooOoooO## #oooooo.+ #oooo$..# #.......# +.......# #.......# You
could see an orc knight, 8 orc warriors, 2 ogres, 2 orc priests and 11 orcs.

Vanquished Creatures
  A minotaur (Gauntlet)
  Josephine (D:11)
  2 hydras
  A queen ant (Gauntlet)
  2 two-headed ogres
  A tengu warrior (D:14)
  The ghost of Monsterracer the Cleaver, a novice NaCK of Xom (D:5)
  An unseen horror (D:12)
  2 cyclopes
  4 ugly things
  The ghost of Raspi the Skirmisher, a novice GrGl (D:5)
  An apocalypse crab (Gauntlet)
  Maurice (D:8)
  Psyche (D:11)
  2 gargoyles (D:12)
  A tengu conjurer (D:14)
  A troll (D:12)
  A raiju (Gauntlet)
  2 hippogriffs (D:13)
  Sigmund (D:6)
  5 wraiths (D:11)
  16 yaks
  3 hungry ghosts
  2 steam dragons (Gauntlet)
  Menkaure (D:5)
  3 wargs (D:11)
  5 soldier ants
  A water moccasin (D:12)
  8 orc warriors
  A swamp drake (D:11)
  Purgy (Sewer)
  A black bear (shapeshifter) (D:13)
  A black bear (D:11)
  A hornet zombie (D:6)
  4 sky beasts
  3 necrophages
  3 ice beasts
  A phantom (D:5)
  8 ogres
  5 centaurs
  A crocodile (D:11)
  3 big kobolds
  3 bullfrogs
  3 gnoll sergeants (D:5)
  16 scorpions
  9 killer bees
  5 wights (D:7)
  3 howler monkeys (D:7)
  3 centaur zombies
  4 crimson imps
  2 bullfrog zombies
  2 jellies
  3 human zombies (Ossuary)
  2 quasits
  A gnoll shaman (D:5)
  13 orc priests
  4 bullfrog skeletons
  4 hounds
  3 centaur skeletons
  8 worker ants
  2 iguanas
  13 orc wizards
  A big kobold zombie (Ossuary)
  3 hound zombies
  2 hound skeletons
  3 mummies (Ossuary)
  A howler monkey zombie (D:7)
  A worker ant zombie (D:11)
  4 gnolls (D:5)
  5 scorpion zombies (Ossuary)
  21 adders
  A howler monkey skeleton (D:6)
  3 shadow imps
  2 oozes
  An adder skeleton (D:6)
  2 adder zombies
  2 worms
  9 leopard geckos
  75 orcs
  10 bats
  8 giant cockroaches
  8 goblins
  9 hobgoblins
  11 jackals
  17 kobolds
  4 quokkas
  2 ball pythons
  5 frilled lizards
  2 giant cockroach zombies
  A goblin zombie (Ossuary)
  4 hobgoblin zombies (Ossuary)
  A jackal zombie (D:6)
  A kobold zombie (Ossuary)
  2 leopard gecko skeletons
  A leopard gecko zombie (D:6)
  An orc zombie (Ossuary)
  A quokka skeleton (D:4)
  8 rats
440 creatures vanquished.

Vanquished Creatures (collateral kills)
  An ice beast (D:9)
  A centaur zombie (D:9)
  A leopard gecko (D:9)
3 creatures vanquished.

Vanquished Creatures (others)
  2 centaurs
  An orc (D:11)
  A kobold (D:11)
  5 plants
9 creatures vanquished.

Grand Total: 452 creatures vanquished

Notes
Turn   | Place    | Note
-------+----------+-------------------------------------------
     0 | D:1      | inmateoo the Minotaur Fighter began the quest for the Orb.
     0 | D:1      | Reached XP level 1. HP: 19/19 MP: 0/0
    78 | D:1      | Reached XP level 2. HP: 26/27 MP: 1/1
   222 | D:1      | Reached skill level 3 in Axes
   683 | D:2      | Reached XP level 3. HP: 29/33 MP: 2/2
   929 | D:2      | Reached XP level 4. HP: 31/40 MP: 3/3
  1018 | D:3      | Reached skill level 4 in Axes
  1043 | D:3      | Found a radiant altar of Vehumet.
  1116 | D:3      | Found a shimmering altar of Xom.
  1305 | D:3      | Reached XP level 5. HP: 45/47 MP: 4/4
  1482 | D:3      | Found a white marble altar of Elyvilon.
  1832 | D:4      | Reached skill level 5 in Axes
  1860 | D:4      | Found a staircase to the Ecumenical Temple.
  1878 | Temple   | Entered the Ecumenical Temple
  1994 | D:4      | Reached XP level 6. HP: 48/55 MP: 5/5
  2047 | D:4      | Reached skill level 5 in Fighting
  2052 | D:4      | Reached skill level 5 in Armour
  2052 | D:4      | Reached skill level 5 in Shields
  2165 | D:4      | Reached skill level 6 in Axes
  2196 | D:4      | Found a glowing drain.
  2220 | Sewer    | Entered a sewer
  2232 | Sewer    | Reached XP level 7. HP: 12/61 MP: 6/6
  2489 | Sewer    | Noticed Purgy
  2497 | Sewer    | Killed Purgy
  2818 | D:4      | Found a shattered altar of Ashenzari.
  2908 | D:5      | Entered Level 5 of the Dungeon
  2943 | D:5      | Found Kaclogi's Lightly-Used Armoury.
  3053 | D:5      | Reached skill level 7 in Axes
  3060 | D:5      | Noticed Menkaure
  3066 | D:5      | Killed Menkaure
  3066 | D:5      | Reached XP level 8. HP: 62/70 MP: 7/7
  3129 | D:5      | Found a burning altar of Makhleb.
  3395 | D:5      | Found a transporter.
  3424 | D:5      | Identified the +6 scale mail of the Ancient Lovers {rF+
                  | Int+2}
  3441 | D:5      | Found a transporter.
  3643 | D:5      | Identified the cursed ring "Jihuh" {*Contam MR+ Int+2
                  | Dex-6}
  3705 | D:5      | Reached skill level 8 in Axes
  3717 | D:5      | Noticed Raspi's ghost (novice GrGl)
  3731 | D:5      | Killed Raspi's ghost
  3870 | D:6      | Reached skill level 9 in Axes
  3879 | D:6      | Found a sand-covered staircase.
  3881 | D:6      | Noticed Sigmund
  3886 | D:6      | Killed Sigmund
  3886 | D:6      | Reached XP level 9. HP: 64/78 MP: 8/8
  3902 | Ossuary  | Entered an ossuary
  4066 | Ossuary  | Reached skill level 1 in Dodging
  4378 | D:6      | Reached skill level 10 in Axes
  4702 | D:6      | Found a runed translucent gate.
  4702 | D:6      | Found a runed translucent gate.
  4702 | D:6      | Found a runed translucent gate.
  4723 | D:6      | Noticed Monsterracer's ghost (novice NaCK)
  4723 | D:6      | Identified the +8 chain mail of Hospitality {MR+}
  4725 | D:6      | Found a roughly hewn altar of Beogh.
  5057 | D:5      | Killed Monsterracer's ghost
  5084 | D:6      | Found a glowing silver altar of Zin.
  5100 | D:6      | Found a bloodstained altar of Trog.
  5102 | D:6      | Found a hazy altar of Hepliaklqana.
  5266 | D:6      | Got an ancient hat
  5272 | D:6      | Identified the +1 hat of Magic {rN+ Str+5} (You found it on
                  | level 6 of the Dungeon)
  5373 | D:6      | Reached XP level 10. HP: 86/88 MP: 9/9
  5683 | D:7      | Reached skill level 11 in Axes
  6112 | D:8      | Noticed Maurice
  6123 | D:8      | Killed Maurice
  6142 | D:8      | Found Ickey's Magic Scroll Emporium.
  6175 | D:8      | Bought a scroll of identify for 24 gold pieces
  6175 | D:8      | Bought a scroll of identify for 24 gold pieces
  6175 | D:8      | Bought a scroll of identify for 24 gold pieces
  6175 | D:8      | Bought a scroll of fog for 24 gold pieces
  6175 | D:8      | Bought a scroll of teleportation for 36 gold pieces
  6175 | D:8      | Bought a scroll of teleportation for 36 gold pieces
  6175 | D:8      | Bought a scroll of enchant weapon for 90 gold pieces
  6175 | D:8      | Bought a scroll of enchant weapon for 90 gold pieces
  6175 | D:8      | Bought a scroll of identify for 24 gold pieces
  6175 | D:8      | Bought a scroll of identify for 24 gold pieces
  6175 | D:8      | Bought a scroll of identify for 24 gold pieces
  6175 | D:8      | Bought a scroll of identify for 24 gold pieces
  6294 | D:8      | Found a glowing golden altar of the Shining One.
  6328 | D:8      | Found Jimidghu's Antique Weapon Boutique.
  6341 | D:8      | Found Poimug's Jewellery Shop.
  6385 | D:8      | Found Mafoid's Weapon Boutique.
  6526 | D:8      | Found an iron altar of Okawaru.
  6526 | D:8      | Found an opulent altar of Gozag.
  6527 | D:8      | Found a hide-covered altar of Uskayaw.
  6583 | D:8      | Became a worshipper of Warmaster Okawaru
  7058 | D:10     | Entered Level 10 of the Dungeon
  7122 | D:10     | Reached * piety under Okawaru
  7283 | D:10     | Reached skill level 12 in Axes
  7289 | D:10     | Reached skill level 5 in Dodging
  7600 | D:11     | Reached ** piety under Okawaru
  7605 | D:11     | Reached XP level 11. HP: 79/96 MP: 10/10
  7922 | D:11     | Noticed a two-headed ogre
  7929 | D:11     | Killed a two-headed ogre
  7981 | D:11     | Found a staircase to the Lair.
  7985 | D:11     | Noticed Psyche
  7987 | D:11     | Reached *** piety under Okawaru
  7995 | D:11     | Killed Psyche
  8075 | D:11     | Found a staircase to the Orcish Mines.
  8103 | D:11     | Reached skill level 13 in Axes
  8103 | D:11     | Reached skill level 10 in Shields
  8127 | D:11     | Reached skill level 10 in Fighting
  8132 | D:11     | Reached skill level 10 in Armour
  8135 | D:11     | Reached **** piety under Okawaru
  8300 | D:11     | Noticed Josephine
  8317 | D:11     | Killed Josephine
  8526 | D:12     | Reached ***** piety under Okawaru
  8571 | D:12     | Found a gate leading to a gauntlet.
  8583 | Gauntlet | Entered a Gauntlet
  8583 | Gauntlet | Found a transporter.
  8583 | Gauntlet | Noticed a queen ant
  8587 | Gauntlet | Found a transporter.
  8588 | Gauntlet | Found a transporter.
  8590 | Gauntlet | Noticed a catoblepas
  8603 | Gauntlet | Found a transporter.
  8604 | Gauntlet | Found a transporter.
  8606 | Gauntlet | Noticed a wretched star
  8614 | Gauntlet | Found a transporter.
  8631 | Gauntlet | Found a transporter.
  8640 | Gauntlet | Found a runed translucent gate.
  8641 | Gauntlet | Found a transporter.
  8641 | Gauntlet | Found a runed translucent gate.
  8642 | Gauntlet | Found a runed translucent gate.
  8651 | Gauntlet | Found a transporter.
  8665 | Gauntlet | Found a transporter.
  8674 | Gauntlet | Found a transporter.
  8679 | Gauntlet | Found a transporter.
  8726 | Gauntlet | Killed a queen ant
  8824 | Gauntlet | Found a transporter.
  8834 | Gauntlet | Reached XP level 12. HP: 84/106 MP: 11/11
  8969 | Gauntlet | Got a pair of jewelled gloves
  9003 | Gauntlet | Identified the +1 pair of gloves of the Mantidfly {*Drain
                  | rF- rN+++ Int+5} (You found it in a Gauntlet)
  9046 | Gauntlet | Noticed a minotaur
  9057 | Gauntlet | Killed a minotaur
  9057 | Gauntlet | Reached skill level 14 in Axes
  9359 | D:12     | Found a runed translucent gate.
  9359 | D:12     | Found a runed translucent gate.
  9359 | D:12     | Noticed an 11-headed hydra
  9359 | D:12     | Noticed Folque's ghost (journeyman DrEE)
  9360 | D:12     | Noticed an 11-headed hydra
  9362 | D:12     | Found a runed translucent gate.
  9507 | D:12     | Noticed a two-headed ogre
  9514 | D:12     | Killed a two-headed ogre
  9599 | D:12     | Noticed an eight-headed hydra
  9610 | D:12     | Killed an eight-headed hydra
  9610 | D:12     | Reached ****** piety under Okawaru
  9610 | D:12     | Received a gift from Okawaru
  9614 | D:12     | Got a pitted hat {god gift}
  9626 | D:12     | Identified the +1 hat of the Desert {+Blink rF+ rCorr}
                  | (Okawaru gifted it to you on level 12 of the Dungeon)
  9745 | D:12     | Found a glowing golden altar of the Shining One.
 11016 | D:13     | Found Giet's Food Shop.
 11141 | D:14     | Found an ornate altar of the Wu Jian Council.
 11165 | D:14     | Noticed an eight-headed hydra
 11178 | D:14     | Killed an eight-headed hydra
 11530 | D:14     | Noticed a tengu warrior
 11549 | D:14     | Reached skill level 15 in Axes
 11558 | D:14     | Killed a tengu warrior
 11661 | D:14     | Slain by an orc warrior

Skill      XL: |  1  2  3  4  5  6  7  8  9 10 11 12 |
---------------+-------------------------------------+-----
Axes           | 3 4 5 6 7 9 10 12 13 15 | 15.2
Fighting       | 4 5 6 7 8 9 10 11 | 11.4
Armour         | 4 5 6 7 8 9 10 11 | 11.5
Shields        | 4 5 6 7 8 9 10 11 | 11.5
Dodging        | 3 5 7 8 |  8.4

Action                   |  1- 3 |  4- 6 |  7- 9 | 10-12 || total
-------------------------+-------+-------+-------+-------++-------
Melee: War axe           |    93 |   137 |   281 |   624 ||  1135
       Headbutt          |    10 |    20 |    82 |   160 ||   272
       Hand axe          |       |       |    98 |       ||    98
       Flail             |       |       |       |    15 ||    15
Invok: Heroism           |       |       |       |     1 ||     1
  Use: Potion            |       |     2 |     4 |     1 ||     7
       Scroll            |       |       |    16 |     8 ||    24
 Stab: Confused          |       |       |       |     1 ||     1
       Distracted        |       |       |       |     1 ||     1
  Eat: Chunk             |       |     4 |     6 |    12 ||    22
       Ration            |       |       |     2 |     4 ||     6
Armor: Scale mail        |    50 |    66 |    82 |       ||   198
       Troll leather arm |       |       |    22 |       ||    22
       Chain mail        |       |       |     1 |   221 ||   222
Dodge: Dodged            |    31 |    36 |    70 |   166 ||   303
Block: Shield            |    47 |   102 |   266 |   563 ||   978
       Reflection        |       |       |       |    31 ||    31
